 Dungeon Crawl Stone Soup version 0.27.0-1-g7a089689b8 (webtiles) character file.

Game seed: 11739863567482926705

109 Smaepdii the Sneak (level 4, 0/21 HPs)
             Began as a Spriggan Enchanter on Aug 5, 2021.
             Slain by an orc (1 damage)
             ... on level 3 of the Dungeon.
             The game lasted 00:21:14 (4901 turns).

Smaepdii the Sneak (Spriggan Enchanter)             Turns: 4901, Time: 00:21:15

Health: 0/21       AC:  2    Str:  4    XL:     4   Next: 60%
Magic:  1/9        EV: 17    Int: 16    God:
Gold:   177        SH:  0    Dex: 16    Spells: 4/8 levels left

rFire    . . .     SeeInvis +   a - +1 dagger
rCold    . . .     Faith    .   (shield restricted)
rNeg     . . .     Spirit   .   b - +0 robe
rPois    .         Reflect  .   (helmet restricted)
rElec    .         Harm     .   (no cloak)
rCorr    .         Rampage  .   (gloves unavailable)
Will     .....                  (boots unavailable)
Stlth    +++.......             (no amulet)
HPRegen  0.07/turn              (no ring)
MPRegen  0.11/turn              (no ring)

@: very quick
A: very small, no large weapons, unfitting armour, see invisible, speed 3
a: no special abilities


You were on level 3 of the Dungeon.
You visited 1 branch of the dungeon, and saw 3 of its levels.

You collected 177 gold pieces.

Inventory:

Hand Weapons
 a - a +1 dagger (weapon)
Armour
 b - a +0 robe (worn)
Jewellery
 i - a ring of fire
Scrolls
 f - 2 scrolls of teleportation {unknown}
 g - a scroll of identify {unknown}
Potions
 c - a potion of brilliance {unknown}
 d - a potion of berserk rage {unknown}
 e - a potion of heal wounds {unknown}
 h - a potion of resistance {unknown}


   Skills:
 * Level 3.0 Short Blades
 - Level 2.6 Dodging
 + Level 6.3 Stealth
 - Level 2.6 Spellcasting
 + Level 4.4 Hexes


You had 4 spell levels left.
You knew the following spells:

 Your Spells              Type           Power      Damage    Failure   Level
a - Corona                Hex            17%        N/A       3%          1
b - Summon Small Mammal   Summ           8%         N/A       19%         1
c - Ensorcelled Hibernat  Hex/Ice        18%        N/A       12%         2

Your spell library contained the following spells:

 Spells                   Type           Power      Damage    Failure   Level
 Confusing Touch          Hex            16%        N/A       10%         3
 Tukima's Dance           Hex            16%        N/A       10%         3
 Pain                     Necr           8%         1d4       19%         1
 Dazzling Flash           Conj/Hex       18%        N/A       24%         3
 Summon Guardian Golem    Hex/Summ       9%         N/A       24%         3
 Call Canine Familiar     Summ           2%         N/A       50%         3
 Agony                    Necr           2%         N/A       99%         5
 Excruciating Wounds      Necr           1%         N/A       99%         5


Dungeon Overview and Level Annotations

Branches:
Dungeon (3/15)

Altars:


Innate Abilities, Weirdness & Mutations

You are very small and have problems with some larger weapons.
You are too small for most types of armour.
You have supernaturally acute eyesight. (SInv)
You cover ground extremely quickly. (Speed+++)


Message History

Press: ? - help, Shift-Dir - straight line, f/p - orc
Aim: an orc, wielding a +1 hand axe of freezing, wearing a +0 leather armour and quivering boomerangs (chance to affect: 58%)
The orc looks drowsy...
The helpless orc fails to defend itself.
You impale the orc!!
You kill the orc!
An orc comes into view. It is wielding a +0 flail.
The orc throws a boomerang.
The boomerang barely misses you.
The orc throws a boomerang.
The boomerang hits you.
Casting: Ensorcelled Hibernation (safe; 12% risk of failure)
Confirm with . or Enter, or press ? or * to list all spells.
Aiming: Ensorcelled Hibernation (safe; 12% risk of failure)
Press: ? - help, Shift-Dir - straight line, f/p - orc
Aim: an orc, wielding a +1 hand axe of freezing, wearing a +0 leather armour and quivering boomerangs (chance to affect: 58%)
The orc resists with significant effort.
The orc throws a boomerang.
The boomerang hits you but does no damage.
Casting: Ensorcelled Hibernation (safe; 12% risk of failure)
Confirm with . or Enter, or press ? or * to list all spells.
Aiming: Ensorcelled Hibernation (safe; 12% risk of failure)
Press: ? - help, Shift-Dir - straight line, f/p - orc
Aim: an orc, wielding a +1 hand axe of freezing, wearing a +0 leather armour and quivering boomerangs (chance to affect: 58%)
The orc looks drowsy...
The orc shouts!
You hear a shout!
The orc completely misses you.
You barely miss the orc. The orc hits you but does no damage.
You closely miss the orc. You hit the orc but do no damage.
The orc barely misses you.
You closely miss the orc. You hit the orc.
The orc is lightly wounded.
The orc hits you with a +1 hand axe of freezing.
The orc freezes you. The orc misses you.
You hit the orc.
The orc is moderately wounded.
The orc misses you. The orc hits you with a +0 flail!
The orc hits you with a +1 hand axe of freezing.
* * * LOW HITPOINT WARNING * * *
The orc freezes you.
You die...

###......####...#
####.#'########.####
#......# #........#
#.##'######........#
#.....†..##........#
#....†...##........#
#.......÷.)).......#
......÷.....)......#
.....)..........@..#
..##)###.......o...#
..##.# ########o####
..##'##### #.#
.......... #.#
.......... #.#
#......... #.#
#......... #.#
#.#..##### #)#


You could see 2 orcs.

Vanquished Creatures
  3 gnolls (D:3)
  3 adders
  A dart slug (D:1)
  2 orcs
  2 endoplasms
  9 goblins (D:3)
  9 hobgoblins
  A quokka (D:3)
  A ball python (D:1)
  5 bats
  3 frilled lizards
  4 kobolds
  4 rats
47 creatures vanquished.

Vanquished Creatures (collateral kills)
  A ball python (D:2)
  A bat (D:2)
  An endoplasm (D:2)
  A hobgoblin (D:2)
  A goblin (D:2)
  A kobold (D:2)
6 creatures vanquished.

Grand Total: 53 creatures vanquished

Notes
Turn   | Place    | Note
-------+----------+-------------------------------------------
     0 | D:1      | Smaepdii the Spriggan Enchanter began the quest for the
                  | Orb.
     0 | D:1      | Reached XP level 1. HP: 9/9 MP: 5/5
   483 | D:1      | Learned a level 1 spell: Summon Small Mammal
   749 | D:1      | Found a faded altar of an unknown god.
   757 | D:1      | Reached XP level 2. HP: 13/13 MP: 3/6
  1008 | D:1      | Reached skill level 5 in Stealth
  2099 | D:2      | Reached XP level 3. HP: 16/16 MP: 1/8
  2719 | D:2      | Learned a level 2 spell: Ensorcelled Hibernation
  3206 | D:3      | Reached skill level 6 in Stealth
  3305 | D:3      | Reached XP level 4. HP: 21/21 MP: 2/9
  4901 | D:3      | HP: 1/21 [orc (6)]
  4901 | D:3      | Slain by an orc

Illustrated notes

Levels and vault maps discovered:
D:1:      evilmike_arrival_rings, layout_loops_corners,
          ebering_ecumenical_altar_hall
D:2:      layout_basic, nrook_uturn
D:3:      cheibrodos_greedy_goblins, layout_basic

Skill      XL: |  1  2  3  4 |
---------------+-------------+-----
Stealth        | 5 6 |  6.3
Hexes          | 4 |  4.4
Short Blades   | 2 3 |  3.0
Dodging        | |  2.6
Spellcasting   | |  2.6

Action                   |  1- 3 |  4- 6 || total
-------------------------+-------+-------++-------
Melee: Dagger            |    79 |    46 ||   125
 Cast: Corona            |     6 |     1 ||     7
       Summon Small Mamm |    30 |     4 ||    34
       Ensorcelled Hiber |    11 |    34 ||    45
 Stab: Sleeping          |    18 |    15 ||    33
Armor: Robe              |    11 |     5 ||    16
Dodge: Dodged            |    53 |    25 ||    78
